AoeStats
← MarkiManki

Lombardia

509441537Analyzed
4v4 RM · 4d ago on Sep 26, 2026· 19m 36s· 8 players
Game mode
Random Map
Map size
Large (8 player)
Population
200
Speed
Normal
Resources
Standard
Victory
Conquest
Starting age
Dark Age
Ending age
Imperial Age
RankedLock teamsTeams togetherTeam positionsShared explorationLock speedFull tech treeHidden civsTurbo modeCheats
Victory
Defeat
🇨🇴 Vikings · Colombia
1319
+13
🇩🇪 Varangians · Germany
1317
+14
🇦🇷 Persians · Argentina
1262
+16
🇩🇪 Cumans · Germany
1205
+18
🇩🇰 Varangians · Denmark
1490
-25
🇳🇴 Saracens · Norway
1209
-13
🇳🇱 Danes · Netherlands
1207
-13
🇺🇸 Japanese · United States
1130
-10
Cualnick
9:00 Feudal Age
11:00 Double-Bit Axe
10:56 Horse Collar
11:36 Horse Collar
18:04 Forging
22:01 Castle Age
Eleandro
8:00 Loom
10:29 Feudal Age
11:44 Double-Bit Axe
11:40 Horse Collar
MarkiManki
6:22 Loom
9:12 Feudal Age
11:19 Double-Bit Axe
16:51 Scale Barding Armor
VISTOYCONSI | Miguelon
7:34 Loom
10:05 Feudal Age
10:38 Double-Bit Axe
19:26 Castle Age
sakuzi
8:15 Loom
12:10 Feudal Age
16:58 Double-Bit Axe
Atlicious
7:22 Loom
9:39 Feudal Age
12:06 Double-Bit Axe
13:30 Fletching
Lord Longshaft
9:58 Feudal Age
10:33 Horse Collar
10:40 Double-Bit Axe
15:28 Bloodlines
17:22 Loom
19:07 Wheelbarrow
Medina90
10:41 Feudal Age
9:04 Loom
14:43 Castle Age
12:43 Double-Bit Axe
Connection lost

Rejoining the realm…

Still unreachable

The connection could not be restored.

Session expired

The server has moved on; the page needs a fresh start.